 Dungeon Crawl Stone Soup version 0.31-a0-981-geadf994542 (webtiles) character file.

Game seed: 15775306309732042257

4645 freelancePsychic the Dealer of Despair (level 10, -7/80 HPs)
             Began as a Demonspawn Warper on Oct 31, 2023.
             Was an Elder of Kikubaaqudgha.
             Mangled by a sixfirhy (11 damage)
             ... summoned by a kobold demonologist
             ... on level 9 of the Dungeon.
             The game lasted 00:17:54 (10387 turns).

freelancePsychic the Dealer of Despair (DsWr)      Turns: 10387, Time: 00:17:54

Health: -7/80      AC:  6    Str: 12    XL:     10   Next: 20%
Magic:  13/18      EV: 12    Int: 19    God:    Kikubaaqudgha [****..]
Gold:   199        SH:  4    Dex: 12    Spells: 5/20 levels left

rFire   + . .        w - +0 lajatang
rCold   + . .        (shield currently unavailable)
rNeg    . . .        v - +0 steam dragon scales
rPois   .            (helmet restricted)
rElec   .            (no cloak)
rCorr   .            f - +0 pair of gloves
SInv    .            (no boots)
Will    .....        (no amulet)
Stlth   +            u - ring of protection from fire
HPRegen 0.33/turn    j - ring of protection from cold
MPRegen 0.16/turn

%: no passive effects
@: no status effects
A: horns 2, large bone plates 1, ignite blood 1
a: Renounce Religion, Unearth Wretches


You were on level 9 of the Dungeon.
You worshipped Kikubaaqudgha.
Kikubaaqudgha was greatly pleased with you.
You visited 1 branch of the dungeon, and saw 9 of its levels.
You also visited: Sewer.

You collected 463 gold pieces.
You spent 264 gold pieces at shops.

Inventory:

Hand Weapons
 d - a +0 dagger
 w - a +0 lajatang (weapon)
Missiles
 c - a dart of dispersal
 k - 12 poisoned darts
Armour
 a - a +0 leather armour
 f - a +0 pair of gloves (worn)
 v - +0 steam dragon scales (worn)
Jewellery
 j - a ring of protection from cold (right hand)
 u - a ring of protection from fire (left hand)
Wands
 r - a wand of polymorph (25)
 s - a wand of paralysis (10)
 A - a wand of flame (10)
 B - a wand of light (8)
Scrolls
 b - a scroll of enchant weapon {unknown}
 g - a scroll of teleportation {@r4}
 h - 2 scrolls of amnesia
 i - a scroll of revelation
 n - 2 scrolls of fog
 q - 8 scrolls of identify {@r1}
 x - a scroll of brand weapon
 y - a scroll of poison {unknown}
 C - a scroll of enchant armour {unknown}
 E - 2 scrolls of blinking
Potions
 e - 2 potions of mutation {unknown}
 l - a potion of berserk rage
 m - 3 potions of invisibility {unknown}
 o - 4 potions of heal wounds {@q2}
 p - 3 potions of might
 t - 2 potions of resistance {unknown}
 z - a potion of lignification {unknown}
 D - a potion of enlightenment {unknown}


   Skills:
 + Level 7.9 Fighting
 - Level 0.3 Staves
 - Level 0.8 Throwing
 - Level 0.9 Armour
 - Level 1.8 Dodging
 - Level 1.7 Unarmed Combat
 + Level 5.6 Spellcasting
 * Level 11.4 Necromancy
 - Level 3.1 Translocations
 + Level 3.7 Earth Magic


You had 5 spell levels left.
You knew the following spells:

 Your Spells              Type           Power      Damage    Failure   Level
a - Necrotise             Necr           100%       1d9       1%          1
b - Sublimation of Blood  Necr           48%        N/A       1%          2
c - Vampiric Draining     Necr           48%        2d9       1%          3
d - Dispel Undead         Necr           48%        3d18      1%          4
e - Borgnjor's Vile Clut  Necr/Erth      17%        N/A       14%         5

Your spell library contained the following spells:

 Spells                   Type           Power      Damage    Failure   Level
 Animate Dead             Necr           48%        N/A       1%          4
 Sandblast                Erth           38%        2d10      2%          1
 Agony                    Necr           48%        N/A       3%          5
 Blink                    Tloc           34%        N/A       4%          2
 Lesser Beckoning         Tloc           34%        N/A       4%          2
 Passwall                 Tmut/Erth      10%        N/A       9%          2
 Gell's Gravitas          Tloc           17%        N/A       10%         3
 Teleport Other           Tloc           17%        N/A       10%         3
 Anguish                  Hex/Necr       13%        N/A       11%         4
 Stone Arrow              Conj/Erth      24%        3d8       16%         3
 Ensorcelled Hibernation  Hex/Ice        10%        N/A       19%         2
 Scorch                   Fire           10%        2d5       19%         2
 Manifold Assault         Tloc           17%        N/A       32%         4
 Frozen Ramparts          Ice            10%        1d2       34%         3
 Ignite Poison            Fire/Tmut/Pois 5%         N/A       34%         3
 Summon Guardian Golem    Hex/Summ       5%         N/A       34%         3
 Swiftness                Air            5%         N/A       34%         3
 Brom's Barrelling Bould  Conj/Erth      12%        2d4       47%         4
 Petrify                  Tmut/Erth      12%        N/A       47%         4
 Vhi's Electric Charge    Tloc/Air       22%        N/A       52%         4
 Cause Fear               Hex            2%         N/A       75%         4
 Flame Wave               Conj/Fire      5%         2d5       75%         4
 Sticky Flame             Conj/Fire      5%         2d3       75%         4
 Fireball                 Conj/Fire      2%         3d4       97%         5
 Metabolic Englaciation   Hex/Ice        2%         N/A       97%         5
 Simulacrum               Ice/Necr       13%        N/A       86%         6
 Dispersal                Tloc           8%         N/A       99%         6
 Summon Cactus Giant      Summ           2%         N/A       100%        6
 Enfeeble                 Hex            2%         N/A       100%        7
 Orb of Destruction       Conj           2%         9d5       100%        7
 Spellforged Servitor     Conj/Summ      2%         N/A       100%        7
 Ignition                 Fire           2%         3d3       100%        8
 Dragon's Call            Summ           2%         N/A       100%        9


Dungeon Overview and Level Annotations

Branches:
Dungeon (9/15)             Temple (0/1) D:6             Orc (0/2) D:9
  Sewer (visited)
   Lair: D:8-11

Altars:
Kikubaaqudgha

Shops:
D:1 *!!   D:9 [


Innate Abilities, Weirdness & Mutations

You have a pair of horns on your head.
You are partially covered in large bone plates. (SH +4)
Your demonic aura sometimes causes spilled blood to erupt in flames.


Message History

E - 2 scrolls of blinking
Found a stone staircase leading down.
There is a stone staircase leading down here.
A kobold demonologist comes into view. It is wielding a +0 dagger.
Found a robe.
The kobold demonologist shouts!
Unknown command.
The kobold demonologist gestures wildly while chanting.
Casting: Vampiric Draining (safe; 1% risk of failure)
Confirm with . or Enter, or press ? or * to list all spells.
Aiming: Borgnjor's Vile Clutch (dangerous; 14% risk of failure)
Press: ? - help, Shift-Dir - straight line, f - sixfirhy
Aim: a sixfirhy (summoned, 100% to hit)
Zombie hands grab the sixfirhy.
Zombie hands grab the kobold demonologist.
The zombie hands constrict the kobold demonologist.
The zombie hands constrict the sixfirhy.
The kobold demonologist miscasts a cantrip.
You slash the sixfirhy! You headbutt the sixfirhy.
The sixfirhy is moderately wounded.
The zombie hands constrict the kobold demonologist.
The zombie hands constrict the sixfirhy.
The sixfirhy hits you. The sixfirhy shocks you!
The sixfirhy hits you but does no damage.
The sixfirhy hits you! The sixfirhy shocks you!
You barely miss the sixfirhy.
The sixfirhy is heavily wounded.
The zombie hands constrict the kobold demonologist!
The zombie hands constrict the sixfirhy.
The sixfirhy hits you but does no damage.
The sixfirhy closely misses you. The sixfirhy hits you!
The sixfirhy shocks you! The sixfirhy hits you!
* * * LOW HITPOINT WARNING * * *
The sixfirhy shocks you!
* * * LOW HITPOINT WARNING * * *
The sixfirhy hits you.
* * * LOW HITPOINT WARNING * * *
The sixfirhy shocks you!
You die...
Kikubaaqudgha rasps: "You have failed me!
Welcome... death!"

#...# #.### #^.
#.# #..
..####### ..
......... #[
#####.### #.###
# #.# .K. .. #
##..#
#.#####3####....
##...###
#......@......#
#..##...
...####..###.##
......# ##..#
....### ##.# .#
..#.# #>##.#
..#)# #..#.#
....# ##.#.#####
.#..#### #.#
#.......#
##.....# #.#
##.>......##


You could see a kobold demonologist (clutched) and a sixfirhy (summoned,
clutched).

Vanquished Creatures
  Prince Ribbit (D:5)
  A hornet (D:9)
  A wyvern (D:8)
  4 yaks (D:8)
  3 steam dragons
  3 ice beasts
  5 orc warriors
  2 ogres
  2 centaurs
  A phantom (D:5)
  Blork the orc (D:5)
  A kobold brigand (D:8)
  A bullfrog (D:6)
  A gnoll sergeant (D:7)
  4 scorpions
  4 wights (D:8)
  6 killer bees (D:8)
  3 howler monkeys (D:7)
  2 jellies (D:6)
  3 hounds
  3 orc priests
  A gnoll bouda (D:6)
  A sleepcap (D:6)
  2 iguanas (D:6)
  8 orc wizards
  10 gnolls
  13 adders
  2 river rats
  A shadow imp (D:7)
  4 white imps
  A worm (D:2)
  5 dart slugs
  19 orcs
  8 endoplasms
  3 giant cockroaches
  10 hobgoblins
  4 jackals (D:1)
  10 kobolds
  4 quokkas
  9 ball pythons
  5 bats
  4 frilled lizards
  2 goblins
  26 rats
204 creatures vanquished.

Vanquished Creatures (collateral kills)
  A river rat (Sewer)
  A quokka (D:4)
  A rat (Sewer)
3 creatures vanquished.

Grand Total: 207 creatures vanquished

Notes
Turn   | Place    | Note
-------+----------+-------------------------------------------
     0 | D:1      | freelancePsychic the Demonspawn Warper began the quest for
                  | the Orb.
     0 | D:1      | Reached XP level 1. HP: 16/16 MP: 3/3
    78 | D:1      | Found Lefank's Distillery.
   163 | D:1      | Gained mutation: You have a pair of small horns on your
                  | head. [demonic ancestry]
   163 | D:1      | Reached XP level 2. HP: 18/22 MP: 5/5
   307 | D:1      | You fall into a shaft and drop 1 floor!
   633 | D:1      | Found Ceizi's General Store.
   930 | D:2      | Reached XP level 3. HP: 28/28 MP: 6/6
   984 | D:2      | Found a faded altar of an unknown god.
  1032 | D:2      | Prayed at the altar of an unknown god.
  1032 | D:2      | Became a worshipper of Kikubaaqudgha
  1032 | D:2      | Reached * piety under Kikubaaqudgha
  1032 | D:2      | Received a gift from Kikubaaqudgha
  1035 | D:2      | Learned a level 1 spell: Necrotise
  1345 | D:2      | Reached skill level 1 in Necromancy
  1542 | D:3      | Gained mutation: Your demonic aura sometimes causes spilled
                  | blood to erupt in flames. [demonic ancestry]
  1542 | D:3      | Reached XP level 4. HP: 19/35 MP: 0/7
  1560 | D:3      | Reached skill level 2 in Necromancy
  1569 | D:3      | Found a glowing drain.
  1573 | Sewer    | Entered a sewer
  2366 | D:3      | Reached ** piety under Kikubaaqudgha
  2375 | D:3      | Reached skill level 3 in Necromancy
  2442 | D:3      | Reached XP level 5. HP: 38/41 MP: 8/8
  2900 | D:4      | Noticed an ogre
  3088 | D:1      | Found Lumabriasut's Distillery.
  3092 | D:1      | Bought a potion of berserk rage for 55 gold pieces
  3092 | D:1      | Bought a potion of heal wounds for 55 gold pieces
  3226 | D:4      | Killed an ogre
  3227 | D:4      | Reached skill level 4 in Necromancy
  3325 | D:4      | Identified the +4 hand axe "Codd" {drain, rCorr}
  3600 | D:4      | Gained mutation: You have a pair of horns on your head.
                  | [demonic ancestry]
  3600 | D:4      | Reached XP level 6. HP: 46/48 MP: 9/9
  3902 | D:5      | Entered Level 5 of the Dungeon
  4102 | D:5      | Learned a level 2 spell: Sublimation of Blood
  4106 | D:5      | Learned a level 3 spell: Vampiric Draining
  4254 | D:5      | Noticed Blork the orc
  4368 | D:6      | Noticed an ice beast
  4393 | D:6      | Killed an ice beast
  4394 | D:6      | Reached skill level 5 in Necromancy
  4554 | D:6      | Reached *** piety under Kikubaaqudgha
  4554 | D:6      | Received a gift from Kikubaaqudgha
  4560 | D:6      | Learned a level 4 spell: Dispel Undead
  4645 | D:6      | Reached XP level 7. HP: 50/55 MP: 6/11
  4844 | D:6      | Reached skill level 6 in Necromancy
  5502 | D:6      | Found a staircase to the Ecumenical Temple.
  5517 | D:6      | Reached skill level 5 in Fighting
  5994 | D:5      | Killed Blork the orc
  5995 | D:5      | Reached XP level 8. HP: 53/62 MP: 3/14
  6071 | D:5      | Reached skill level 7 in Necromancy
  6155 | D:5      | Noticed Prince Ribbit
  6428 | D:1      | Bought a potion of might for 44 gold pieces
  6428 | D:1      | Bought 2 potions of heal wounds for 110 gold pieces
  6601 | D:5      | Killed Prince Ribbit
  6806 | D:5      | Reached skill level 5 in Spellcasting
  6988 | D:5      | Reached skill level 8 in Necromancy
  7818 | D:7      | Reached skill level 9 in Necromancy
  7829 | D:7      | Gained mutation: You are partially covered in large bone
                  | plates. (SH +4) [demonic ancestry]
  7829 | D:7      | Reached XP level 9. HP: 58/71 MP: 9/16
  7835 | D:7      | Learned a level 5 spell: Borgnjor's Vile Clutch
  8407 | D:8      | Reached skill level 1 in Earth Magic
  8748 | D:8      | Reached skill level 10 in Necromancy
  8937 | D:8      | Reached **** piety under Kikubaaqudgha
  9636 | D:8      | Reached skill level 11 in Necromancy
  9765 | D:9      | Found a staircase to the Orcish Mines.
  9773 | D:9      | Reached XP level 10. HP: 63/80 MP: 16/18
  9777 | D:9      | Found Ciheh's Armour Emporium.
 10384 | D:9      | Noticed a sixfirhy
 10387 | D:9      | HP: 4/80 [sixfirhy[a kobold demonologist] (2)]
 10387 | D:9      | Mangled by a sixfirhy

Illustrated notes

Levels and vault maps discovered:
D:1:      minmay_arrival_open_corners, layout_loops_ring, serial_shops, shop,
          nicolae_shop_back_alley_shop, shop_fountains
D:2:      layout_rooms, ebering_ecumenical_altar_webs,
          amcnicky_mini_rare_corridor_liquid, supply_closet_lemuel,
          minmay_pentomino_q2
D:3:      layout_loops_cross, gup_sewer_entry_bowl, minmay_misc_feat_tower,
          minmay_rat_hole
D:4:      layout_basic, minmay_joined_circles
D:5:      layout_rooms, minmay_a_box_with_orc_wizards_in_it, uniq_blork_the_orc,
          uniq_prince_ribbit1
D:6:      layout_loops_ring, minmay_temple_entry_statues_pillars
D:7:      layout_basic
D:8:      layout_basic
D:9:      layout_rooms, orc_david_3

Skill      XL: |  1  2  3  4  5  6  7  8  9 |
---------------+----------------------------+-----
Translocations | 3 |  3.1
Necromancy     | 1 3 4 5 6 9 11 | 11.4
Fighting       | 3 4 5 6 7 |  7.9
Spellcasting   | 4 5 |  5.6
Earth Magic    | 3 |  3.7
Staves         | |  0.3
Throwing       | |  0.8
Armour         | |  0.9
Dodging        | |  1.8
Unarmed Combat | |  1.7

Action                     |  1- 3 |  4- 6 |  7- 9 | 10-12 || total
---------------------------+-------+-------+-------+-------++-------
  Melee: Unarmed           |    60 |       |       |       ||    60
         Dagger            |    84 |   207 |       |       ||   291
         Headbutt          |    18 |    37 |    39 |    11 ||   105
         Punch             |     2 |     2 |       |       ||     4
         Lajatang          |       |     5 |   175 |    45 ||   225
  Throw: Dart              |     5 |     6 |       |       ||    11
   Cast: Necrotise         |    17 |    74 |    14 |       ||   105
         Vampiric Draining |       |     4 |    66 |    13 ||    83
         Dispel Undead     |       |       |     6 |       ||     6
         Borgnjor's Vile C |       |       |       |     1 ||     1
  Evoke: Wand              |       |     2 |     1 |       ||     3
    Use: Scroll            |     6 |     1 |     5 |       ||    12
         Potion            |     1 |     2 |     2 |       ||     5
   Stab: Sleeping          |     1 |     1 |       |     1 ||     3
         Paralysed         |       |     8 |       |       ||     8
 Armour: Leather armour    |    91 |   160 |   124 |       ||   375
         Steam dragon scal |       |       |    97 |    64 ||   161
  Dodge: Dodged            |    92 |   155 |   142 |    29 ||   418
  Block: Other             |       |       |    15 |    16 ||    31

Table legend: (Time is in decaauts)
 A = Elapsed time spent in this place.
 B = Non-inter-level travel time spent in this place.
 C = Inter-level travel time spent in this place.
 D = Time resting spent in this place.
 E = Time spent auto-exploring this place.
 F = Levels seen in this place.
 G = Mean time per level.
                   A        B        C        D        E       F      G
               +--------+--------+--------+--------+--------+-----+--------+
         Total |  10503 |   9706 |    797 |    518 |   7318 |  10 | 1050.3 |
       Dungeon |  10189 |   9392 |    797 |    518 |   7095 |   9 | 1132.1 |
         Sewer |    314 |    314 |      0 |      0 |    222 |   1 |  314.0 |
               +--------+--------+--------+--------+--------+-----+--------+

Top non-repeatable levels by time:
     D:6: 1722 daAuts
     D:5: 1358 daAuts
     D:8: 1296 daAuts
     D:7: 1187 daAuts
     D:3: 1095 daAuts
     D:4: 1077 daAuts
     D:1: 1004 daAuts
     D:2: 763 daAuts
     D:9: 684 daAuts
   Sewer: 314 daAuts
